 Dungeon Crawl Stone Soup version 0.27-a0-1181-g5f64966fcc (webtiles) character file.

Game seed: 5474924714297486770

51 bande the Covered (level 3, -3/23 HPs)
             Began as a Gargoyle Fighter on May 17, 2021.
             Slain by Sigmund
             ... wielding a +0 scythe
              (10 damage)
             ... on level 2 of the Dungeon.
             The game lasted 00:02:04 (1665 turns).

bande the Covered (Gargoyle Fighter)                Turns: 1665, Time: 00:02:05

Health: -3/23      AC: 15    Str: 19    XL:     3   Next: 83%
Magic:  3/3        EV:  3    Int:  8    God:
Gold:   70         SH:  9    Dex: 10    Spells: 2/2 levels left

rFire    . . .     SeeInvis .   a - +0 war axe
rCold    . . .     Faith    .   c - +0 kite shield
rNeg     + . .     Spirit   .   i - +0 plate armour
rPois    ∞         Reflect  .   (no helmet)
rElec    +         Harm     .   (no cloak)
rCorr    .         Rampage  .   (no gloves)
Will     .....                  (no boots)
Stlth    ..........             (no amulet)
HPRegen  0.07/turn              (no ring)
MPRegen  0.08/turn              (no ring)

@: mighty
A: sickness immunity, AC +3, negative energy resistance 1, electricity
resistance, torment resistance 1, petrification resistance
a: no special abilities


You were on level 2 of the Dungeon.
You visited 1 branch of the dungeon, and saw 2 of its levels.

You collected 70 gold pieces.

Inventory:

Hand Weapons
 a - a +0 war axe (weapon)
Armour
 c - a +0 kite shield (worn)
 i - a +0 plate armour (worn)
Scrolls
 e - a scroll of silence {unknown}
 g - a scroll of vulnerability {unknown}
 h - a scroll of enchant weapon {unknown}
Potions
 d - a potion of might
 f - 2 potions of flight {unknown}


   Skills:
 + Level 3.5 Fighting
 + Level 2.3 Axes
 + Level 4.0 Armour
 + Level 0.3 Dodging
 + Level 3.7 Shields


You had 2 spell levels left.
You didn't know any spells.
Your spell library was empty.

Dungeon Overview and Level Annotations

Branches:
Dungeon (2/15)

Altars:

Annotations:
D:2 Sigmund


Innate Abilities, Weirdness & Mutations

You are immune to sickness and miasma.
Your stone body is resilient. (AC +3)
You are immune to poison.
You resist negative energy. (rN+)
You are resistant to electric shocks. (rElec)
You are resistant to unholy torment.
You are immune to petrification.


Message History

d - 2 potions of might (gained 1)
Found a stone staircase leading down.
Sigmund the Dreaded comes into view.
He is wielding a +0 scythe.
Sigmund shouts!
You hear a shout!
Sigmund gestures at you while chanting. You resist with significant effort.
Sigmund drinks a potion.
Sigmund suddenly seems more resistant.
Sigmund laughs darkly.
You block Sigmund's attack.
You feel very mighty all of a sudden. Sigmund hits you but does no damage.
Sigmund hits you but does no damage.
You slash Sigmund!
Sigmund is moderately wounded.
Sigmund hits you with a +0 scythe. Sigmund casts a spell at you.
The magic dart hits you.
You closely miss Sigmund.
Sigmund is moderately wounded.
You block Sigmund's attack. Sigmund casts a spell at you.
You resist with significant effort.
You closely miss Sigmund.
Sigmund is moderately wounded.
Sigmund points at himself and mumbles some strange words.
Sigmund flickers and vanishes!
Deactivating autopickup; reactivate with Ctrl-A.
You barely miss something. Something hits you but does no damage.
Something hits you.
You miss something. You block something's attack.
You closely miss something. Something hits you!
Something hits you but does no damage.
Your shield and plate armour prevent you from hitting something.
Something hits you but does no damage. x2
Your plate armour prevents you from hitting something.
Something hits you.
You slash something!
Something hits you but does no damage. x2
You closely miss something. Something hits you but does no damage.
Something hits you!
You die...

#######................#
........#.#.#.#.#......#
#... #####..........##....#
....# #.....#.#.#.#.########
...... #..............####
..?... ###.....#.#.#.#.#...#
....@. ....#.#.............#
......####.#.#.#.#.#.#.#...#
.........#....@............#
#.#....##..{####.........#
.##......#.......#.........#
.................#.........#
........#........#.........#
................##.........#
.........................
................##...####
........>......... .


There were no monsters in sight!

Vanquished Creatures
  Terence (D:1)
  A dart slug (D:1)
  3 endoplasms (D:1)
  A giant cockroach (D:1)
  2 goblins (D:1)
  2 hobgoblins (D:1)
  5 kobolds (D:1)
  2 quokkas (D:1)
  A ball python (D:1)
  3 bats
  A frilled lizard (D:1)
  A rat (D:1)
23 creatures vanquished.

Notes
Turn   | Place    | Note
-------+----------+-------------------------------------------
     0 | D:1      | bande the Gargoyle Fighter began the quest for the Orb.
     0 | D:1      | Reached XP level 1. HP: 14/14 MP: 1/1
   464 | D:1      | Reached XP level 2. HP: 19/19 MP: 2/2
   834 | D:1      | Found a faded altar of an unknown god.
  1247 | D:2      | Noticed Terence
  1254 | D:2      | Reached XP level 3. HP: 23/23 MP: 3/3
  1303 | D:1      | Killed Terence
  1304 | D:1      | Reached skill level 4 in Armour
  1636 | D:2      | Noticed Sigmund
  1665 | D:2      | Slain by Sigmund

Illustrated notes

Levels and vault maps discovered:
D:1:      co_arrival_random_square_maze, layout_rooms,
          hellmonk_ecumenical_altar_heavens_door, kennysheep_boxes
D:2:      layout_rooms, st_stairs_9, grunt_decor_resistance, uniq_robin,
          uniq_terence, uniq_sigmund, uniq_crazy_yiuf_cottage

Skill      XL: |  1  2  3 |
---------------+----------+-----
Axes           | 2 |  2.3
Armour         | 4 |  4.0
Fighting       | |  3.5
Dodging        | |  0.3
Shields        | |  3.7

Action                   || total
-------------------------++-------
Melee: War axe           ||    84
  Use: Potion            ||     1
Armor: Scale mail        ||    30
       Plate armour      ||    34
Dodge: Dodged            ||    13
Block: Kite shield       ||    59

Table legend: (Time is in decaauts)
 A = Elapsed time spent in this place.
 B = Non-inter-level travel time spent in this place.
 C = Inter-level travel time spent in this place.
 D = Time resting spent in this place.
 E = Time spent auto-exploring this place.
 F = Levels seen in this place.
 G = Mean time per level.
                   A        B        C        D        E       F      G
               +--------+--------+--------+--------+--------+-----+--------+
         Total |   1719 |   1719 |      0 |    613 |    793 |   2 |  859.5 |
       Dungeon |   1719 |   1719 |      0 |    613 |    793 |   2 |  859.5 |
               +--------+--------+--------+--------+--------+-----+--------+

Top non-repeatable levels by time:
     D:1: 1605 daAuts
     D:2: 114 daAuts
